 Dungeon Crawl Stone Soup version 0.24.0-123-gd5b16e6ec5 (webtiles) character file.

Game seed: 15504306631388582984, levelgen mode: deterministic

609 DeadFury222 the Chopper (level 7, -1/61 HPs)
             Began as a Hill Orc Monk on Jan 10, 2020.
             Was a Believer of Beogh.
             Killed by nerve-wracking pain
             ... invoked by an orc priest
              (10 damage)
             ... on level 5 of the Dungeon.
             The game lasted 00:14:35 (4529 turns).

DeadFury222 the Chopper (Hill Orc Monk)             Turns: 4529, Time: 00:14:36

Health: -1/61      AC: 13    Str: 16    XL:     7   Next: 43%
Magic:  7/7        EV:  3    Int: 10    God:    Beogh [**....]
Gold:   199        SH:  8    Dex: 13    Spells: 6/6 levels left

rFire    . . .     SeeInvis .   a - +0 hand axe
rCold    . . .     Gourm    .   k - +0 shield
rNeg     . . .     Faith    .   z - +0 plate armour
rPois    .         Spirit   .   (no helmet)
rElec    .         Reflect  .   (no cloak)
rCorr    .         Harm     .   v - +0 pair of gloves
MR       .....                  (no boots)
Stlth    ..........             (no amulet)
HPRegen  0.20/turn              (no ring)
MPRegen  0.10/turn              (no ring)

@: no status effects
A: no striking features
a: Smiting, Renounce Religion


You were on level 5 of the Dungeon.
You worshipped Beogh.
Beogh was pleased with you.
You were hungry.

You visited 1 branch of the dungeon, and saw 5 of its levels.

You collected 199 gold pieces.

Inventory:

Hand Weapons
 a - a +0 hand axe (weapon)
Missiles
 g - 117 stones (quivered)
 l - 4 large rocks
Armour
 k - a +0 shield (worn)
 v - a +0 pair of gloves (worn)
 z - a +0 plate armour (worn)
Jewellery
 t - an uncursed amulet of guardian spirit {unknown}
 u - an uncursed ring of positive energy {unknown}
Wands
 w - a wand of flame (6)
Scrolls
 b - a scroll of blinking {unknown}
 f - 2 scrolls of magic mapping {unknown}
 h - 6 scrolls of identify {unknown}
 j - 2 scrolls of fog {unknown}
 n - a scroll of fear {unknown}
 p - a scroll of amnesia {unknown}
 q - 3 scrolls of remove curse {unknown}
 y - a scroll of torment {unknown}
Potions
 d - a potion of haste {unknown}
 i - 3 potions of curing
 o - a potion of berserk rage {unknown}
 r - a potion of agility {unknown}
 s - a potion of mutation {unknown}
Comestibles
 c - 13 rations


   Skills:
 + Level 5.1 Fighting
 * Level 7.6 Axes
 + Level 4.4 Armour
 - Level 2.4 Dodging
 - Level 1.5 Stealth
 + Level 2.7 Shields


You had 6 spell levels left.
You didn't know any spells.
Your spell library contained the following spells:

 Spells                   Type           Power        Failure   Level  Hunger
 Magic Dart               Conj           #...         100%        1    ##.....
 Blink                    Tloc           N/A          100%        2    ###....
 Call Imp                 Summ           #.......     100%        2    ###....
 Slow                     Hex            #.......     100%        2    ###....
 Conjure Flame            Conj/Fire      #.......     100%        3    ####...
 Mephitic Cloud           Conj/Pois/Air  #.......     100%        3    ####...


Dungeon Overview and Level Annotations

Branches:
Dungeon (5/15)             Temple (0/1) D:4

Altars:
Fedhas
Qazlal
Yredelemnul
The Shining One

Shops:
D:5 =


Message History

You closely miss the orc priest.
The orc priest is heavily wounded.
You hit the orc priest.
The orc priest looks satisfied for a moment.
The orc priest hits you but does no damage.
Your plate armour prevents you from hitting the orc priest.
The orc priest is heavily wounded.
You hit the orc priest. The orc priest barely misses you.
The orc priest invokes the aid of Beogh against you.
Pain shoots through your body!
You hit the orc priest.
The orc priest is almost dead.
You closely miss the orc priest.
The orc priest calls down the wrath of Beogh upon you.
Pain shoots through your body!
* * * LOW HITPOINT WARNING * * *
The orc priest calls down the wrath of Beogh upon you.
Pain shoots through your body!
You die...
Beogh appreciates the orc priest's killing of a heretic priest.

#..##.###[##.#.#.
#..............# .
#..##.#.##.#.#.#.#
#..##........#...#
#.....#.#..(...#.##.
#..##.#...%..#.#...
#..##...#........#
#.#.#.#.##.#.##.
...#....@o..)....
.## #.#.##o###.##.
.......!.......
#.#.##.###.####.
#.#. #. o# . . . . #
## ##


You could see 2 orc priests and a neutral orc priest (wandering).

Vanquished Creatures
  An ice beast (D:5)
  A bullfrog (D:4)
  A howler monkey (D:4)
  A crimson imp (D:5)
  2 hounds
  A bullfrog skeleton (D:4)
  A gnoll shaman (D:4)
  Ijyb (D:4)
  A worker ant (D:5)
  Terence (D:2)
  4 adders
  4 gnolls
  2 adder zombies (D:5)
  2 adder skeletons (D:4)
  4 worms
  4 dart slugs
  2 leopard geckos
  4 orcs (D:5)
  5 giant cockroaches
  3 goblins
  8 hobgoblins
  8 jackals
  3 quokkas
  20 bats
  2 frilled lizards
  5 kobolds
  9 rats
100 creatures vanquished.

Vanquished Creatures (others)
  An orc wizard (D:5)
  An orc (D:5)
2 creatures vanquished.

Grand Total: 102 creatures vanquished

Notes
Turn   | Place    | Note
-------+----------+-------------------------------------------
     0 | D:1      | DeadFury222 the Hill Orc Monk began the quest for the Orb.
     0 | D:1      | Reached XP level 1. HP: 19/19 MP: 1/1
   153 | D:1      | Reached XP level 2. HP: 27/27 MP: 2/2
   302 | D:1      | Reached skill level 1 in Armour
   387 | D:1      | Reached XP level 3. HP: 31/33 MP: 3/3
   972 | D:2      | Found a stormy altar of Qazlal.
  1230 | D:2      | Reached XP level 4. HP: 37/40 MP: 4/4
  1233 | D:2      | Noticed Terence
  1247 | D:2      | Killed Terence
  1840 | D:3      | Found a stormy altar of Qazlal.
  1840 | D:3      | Found a glowing golden altar of the Shining One.
  1845 | D:3      | Found a blossoming altar of Fedhas.
  1848 | D:3      | Found a faded altar of an unknown god.
  1850 | D:3      | Found a faded altar of an unknown god.
  2107 | D:3      | Reached skill level 1 in Shields
  2297 | D:4      | Noticed a bullfrog
  2317 | D:4      | Killed a bullfrog
  2317 | D:4      | Reached skill level 5 in Axes
  2317 | D:4      | Reached XP level 5. HP: 37/47 MP: 5/5
  2669 | D:4      | Reached XP level 6. HP: 50/53 MP: 6/6
  2703 | D:4      | Reached skill level 6 in Axes
  2782 | D:4      | Found a glowing golden altar of the Shining One.
  2829 | D:4      | Noticed Ijyb
  2863 | D:4      | Killed Ijyb
  3293 | D:4      | Found a staircase to the Ecumenical Temple.
  3385 | D:5      | Entered Level 5 of the Dungeon
  3400 | D:5      | Found a basalt altar of Yredelemnul.
  3701 | D:5      | Noticed a slave
  4110 | D:5      | Noticed an ice beast
  4127 | D:5      | Killed an ice beast
  4127 | D:5      | Reached skill level 5 in Fighting
  4127 | D:5      | Reached skill level 7 in Axes
  4127 | D:5      | Reached XP level 7. HP: 50/61 MP: 7/7
  4192 | D:5      | Found Wicrocka's Jewellery Shoppe.
  4512 | D:5      | Became a worshipper of Beogh the Brigand
  4512 | D:5      | Reached * piety under Beogh
  4512 | D:5      | Reached ** piety under Beogh
  4529 | D:5      | Killed from afar by an orc priest

Levels and vault maps discovered:
D:1:      minmay_arrival_hallway, layout_rooms, minmay_tetromino_i2
D:2:      layout_loops_cross, grunt_qazlal_clouds, uniq_terence
D:3:      layout_basic, chequers_temple_overflow_minitemple
D:4:      layout_loops_cross, minmay_temple_entry_poolview, lemuel_statue_altar,
          uniq_ijyb
D:5:      layout_cave_pools, nicolae_overflow_crystal_walls, kennysheep_mini,
          first_ration, minmay_shop_enchanted_jewellery, minmay_diced_spiral,
          uniq_pikel

Skill      XL: |  1  2  3  4  5  6 |
---------------+-------------------+-----
Fighting       | 4 5 |  5.1
Armour         | 1 2 3 4 |  4.4
Shields        | 1 2 |  2.7
Axes           | 5 7 |  7.6
Dodging        | |  2.4
Stealth        | |  1.5

Action                   |  1- 3 |  4- 6 |  7- 9 || total
-------------------------+-------+-------+-------++-------
Melee: Hand axe          |   182 |   320 |    98 ||   600
Throw: Stone             |       |    12 |       ||    12
Invok: Convert to Beogh  |       |       |     1 ||     1
  Use: Potion            |       |     2 |       ||     2
  Eat: Chunk             |     1 |    10 |     1 ||    12
Armor: Chain mail        |   124 |   173 |       ||   297
       Robe              |     1 |       |       ||     1
       Plate armour      |       |       |    40 ||    40
Dodge: Dodged            |    61 |    68 |     9 ||   138
Block: Shield            |    12 |   133 |    35 ||   180
